cohdb
Replays
Latest Replays
All Replays
Popular Replays
Top Player Replays
Match Explorer
How It Works
Community
CoH3 Stats
Reddit
Sign in to upload your games and track your stats! →
Sign in with Steam
Match 45850017
Unlisted
Match 45850017
Overview
Messages
Build Orders
End
Pioneer Squad
Construct Infanterie Kompanie
Selects Breakthrough Battlegroup
Selects Assault Grenadiers
Grenadier Squad
Grenadier Squad
MG 42 Machine Gun Team
Construct Panzergrenadier Kompanie
Selects Breakthrough
Breakthrough
Panzergrenadier Squad
251 Medium Carrier
Pak 40 Anti-tank Gun Team
Medical Station
Pioneer Squad
Selects Mechanized Assault Group
Mechanized Assault Group
Construct Panzer Kompanie
Panzer IV Medium Tank
Selects Rapid Production
Nostalgi@
Evilstealer
0
0
Comments
sign in to comment!
No comments posted yet!